 Dungeon Crawl Stone Soup version 0.18.1-50-g88ac8fd (webtiles) character file.

69 KarmaPolice the Poker (level 4, -1/35 HPs)
             Began as a Merfolk Gladiator on Oct 1, 2016.
             Killed by divine providence
             ... invoked by an orc priest
              (12 damage)
             ... on level 3 of the Dungeon.
             The game lasted 00:03:39 (1634 turns).

KarmaPolice the Poker (Merfolk Gladiator)           Turns: 1634, Time: 00:03:40

Health: -1/35      AC:  4    Str: 16    XL:     4   Next: 20%
Magic:  4/4        EV:  8    Int:  7    God:
Gold:   73         SH:  0    Dex: 14    Spells: 0 memorised, 3 levels left

rFire  . . .     SeeInvis .     a - +0 trident
rCold  . . .     Gourm    .     b - +0 leather armour
rNeg   . . .     Faith    .     (no shield)
rPois  .         Spirit   .     c - +0 helmet
rElec  .         Dismiss  .     (no cloak)
rCorr  .         Reflect  .     (no gloves)
SustAt .         Harm     .     (no boots)
MR     .....                    (no amulet)
Stlth  +.........               (no ring)
                                (no ring)

@: not resistant to hostile enchantments, very unstealthy
A: change form in water, swift swim
a: no special abilities


You were on level 3 of the Dungeon.
You were not hungry.

You visited 1 branch of the dungeon, and saw 3 of its levels.

You collected 73 gold pieces.

Inventory:

Hand Weapons
 a - a +0 trident (weapon)
Missiles
 d - 3 throwing nets (quivered)
Armour
 b - a +0 leather armour (worn)
 c - a +0 helmet (worn)
Jewellery
 e - an uncursed ring of wizardry {unknown}
 n - an uncursed ring of sustain attributes {unknown}
Scrolls
 h - 2 scrolls of magic mapping {unknown}
 i - a scroll of enchant weapon {unknown}
 o - a scroll of amnesia {unknown}
 p - a scroll of identify {unknown}
 r - a scroll of random uselessness {unknown}
Potions
 g - a potion of might {unknown}
 k - a potion of brilliance {unknown}
 q - a potion of flight {unknown}
Comestibles
 f - 2 bread rations
 l - a royal jelly
 m - 4 fruits


   Skills:
 + Level 3.4 Fighting
 + Level 5.3 Polearms
 - Level 2.0 Throwing
 + Level 1.3 Armour
 - Level 4.0 Dodging


You had 3 spell levels left.
You didn't know any spells.

Dungeon Overview and Level Annotations

Branches:
Dungeon (3/15)

Altars:

Annotations:
D:3 nikopol's ghost, amateur MiBe


Message History

The orc barely misses you.
The orc priest casts a cantrip, but nothing happens.
You barely miss the orc.
The orc is heavily wounded.
The orc hits you with a falchion. The orc hits you with a mace.
The orc hits you with a mace. The orc priest barely misses you.
The orc priest calls upon Beogh to heal something.
The orc priest mumbles some strange prayers to Beogh against you.
Pain shoots through your body!
There is a stone staircase leading up here.
You completely miss the orc. The orc hits you with a mace.
You barely miss the orc.
The orc priest mumbles some strange prayers to Beogh against you.
Beogh smites you! The orc hits you but does no damage.
The orc hits you but does no damage.
The orc priest mumbles some strange prayers to Beogh against you.
Beogh smites you!
You die...

# .....# #..#)##.#
#. #.#.####..#.##$#
##.##.....ooo...##.#
.....##o###.#.####.#
#.....o# #.#... ...
#.#.##o# #.#####.##
#......###.#
##..o......#
#..@####### #####


You could see 2 orc priests and 2 orcs.

Vanquished Creatures
  2 adders (D:2)
  3 dart slugs (D:1)
  2 giant geckos (D:2)
  4 orcs (D:3)
  2 giant cockroaches (D:2)
  6 hobgoblins
  2 bats
  5 giant newts
  5 goblins
  4 kobolds
  6 rats
41 creatures vanquished.

Notes
Turn   | Place    | Note
--------------------------------------------------------------
     0 | D:1      | KarmaPolice the Merfolk Gladiator began the quest for the Orb.
     0 | D:1      | Reached XP level 1. HP: 16/16 MP: 1/1
   204 | D:1      | Reached XP level 2. HP: 23/23 MP: 2/2
   621 | D:2      | Reached skill level 5 in Polearms
   621 | D:2      | Reached skill level 1 in Armour
   621 | D:2      | Reached XP level 3. HP: 14/28 MP: 3/3
  1332 | D:2      | Reached XP level 4. HP: 16/35 MP: 4/4
  1604 | D:3      | Noticed nikopol's ghost (amateur MiBe)
  1634 | D:3      | Killed from afar by an orc priest

Skill      XL: |  1  2  3 |
---------------+----------+-----
Polearms       | 5 |  5.3
Armour         | 1 |  1.3
Fighting       | 3 |  3.4
Throwing       | |  2.0
Dodging        | |  4.0

Action                   |  1- 3 |  4- 6 || total
-------------------------+-------+-------++-------
Melee: Trident           |    93 |    20 ||   113
 Stab: Distracted        |     1 |       ||     1
       Sleeping          |     1 |       ||     1
  Eat: Chunk             |     1 |     1 ||     2
Armor: Leather armour    |    14 |     3 ||    17
Dodge: Dodged            |    39 |     8 ||    47
